 Dungeon Crawl Stone Soup version 0.29-a0-676-ga64570c9d2 (webtiles) character file.

Game seed: 6164162279542879992

24 zeratav the Stinger (level 3, -2/24 HPs)
             Began as a Formicid Venom Mage on June 25, 2022.
             Slain by a goblin
             ... wielding a +0 dagger
              (3 damage)
             ... on level 1 of the Dungeon.
             The game lasted 00:01:08 (930 turns).

zeratav the Stinger (Formicid Venom Mage)            Turns: 930, Time: 00:01:09

Health: -2/24      AC:  2    Str: 14    XL:     3   Next: 15%
Magic:  1/6        EV: 12    Int: 14    God:
Gold:   36         SH:  0    Dex: 14    Spells: 5/6 levels left

rFire   . . .      SeeInvis +   d - +0 club {mace}
rCold   . . .      Faith    .   (no shield)
rNeg    . . .      Spirit   .   a - +0 robe
rPois   .          Reflect  .   (helmet unavailable)
rElec   .          Harm     .   (no cloak)
rCorr   .          Rampage  .   (no gloves)
Will    .....                   (no boots)
Stlth   ++........              (no amulet)
HPRegen 0.08/turn               (no ring)
MPRegen 0.10/turn               (no ring)

@: no status effects
A: permanent stasis, dig shafts and tunnels, antennae 3, four strong arms
a: Dig, Shaft Self


You were on level 1 of the Dungeon.
You visited 1 branch of the dungeon, and saw 1 of its levels.

You collected 36 gold pieces.


Innate Abilities, Weirdness & Mutations

You cannot be hasted, slowed, berserked, paralysed or teleported.
You can dig through walls and to a lower floor.
You have a pair of large antennae on your head. (SInv)
Your four strong arms can wield two-handed weapons with a shield.


   Skills:
 - Level 1.7 Dodging
 - Level 2.4 Stealth
 - Level 2.1 Spellcasting
 - Level 1.1 Transmutations
 + Level 5.4 Poison Magic


You had 5 spell levels left.
You knew the following spells:

 Your Spells              Type           Power      Damage    Failure   Level
a - Sting                 Tmut/Pois      40%        1d5       6%          1

Your spell library contained the following spells:

 Spells                   Type           Power      Damage    Failure   Level
 Poisonous Vapours        Pois/Air       18%        N/A       12%         2
 Olgreb's Toxic Radiance  Pois           16%        N/A       24%         4
 Mephitic Cloud           Conj/Pois/Air  6%         N/A       32%         3

Inventory:

Hand Weapons
 d - a +0 club (weapon) {mace}
   (You took it off a kobold on level 1 of the Dungeon)
Armour
 a - a +0 robe (worn)
Scrolls
 c - a scroll of teleportation {unknown}
Potions
 b - a potion of magic
 e - a potion of might {unknown}

Dungeon Overview and Level Annotations

Branches:
Dungeon (1/15) Zot: 5065

Altars:

###### .....#
###+###+### .....#
#.........# .....#
#.........# .....#
#........[# .....#
#.....[.... ###########
#...)...... #.......^.#
#†.@....... #....≈....#
#...g......
#.≈..≈.(≈.####..........
#.≈..≈..≈.#.............
'####_####'.##......>...
#.≈..≈..≈.##########....
#.≈..≈..≈.# ....
#....≈....# ...
#.........#


You could see a goblin.


Message History

The ball python grabs you. The ball python constricts you.
HP[-1] MP[-1]
You take 1 damage, and now have 18/19 hp.
You lost 1 mp, and now have 3/5 mp.
The sting hits the ball python.
The ball python looks even sicker.
You kill the ball python!
You have reached level 3!
Your experience leads to an increase in your attributes!
Increase (S)trength, (I)ntelligence, or (D)exterity?
You feel stronger. x2
HP[+4] MP[-1]
You now have 24 max hp (+5).
You regained 4 hp, and now have 22/24 hp.
There is a faded altar of an unknown god here.
You open the door.
There is an open door here.
A goblin comes into view. It is wielding a +0 club.
HP[+2] MP[+4]
Your hp is fully restored (24).
Your mp is fully restored (6).
A goblin is nearby!
A goblin is nearby!
A giant cockroach comes into view.
Found a stone staircase leading down.
An endoplasm comes into view.
The sting hits the giant cockroach but does no damage.
The giant cockroach is poisoned.
The giant cockroach bites you.
The giant cockroach bites you but does no damage.
HP[-1] MP[-1]
You take 1 damage, and now have 23/24 hp.
You lost 1 mp, and now have 5/6 mp.
The sting hits the giant cockroach but does no damage.
The giant cockroach looks even sicker.
The giant cockroach bites you but does no damage.
MP[-1]
You lost 1 mp, and now have 4/6 mp.
The sting hits the giant cockroach but does no damage.
The giant cockroach looks even sicker.
The goblin shouts!
You kill the giant cockroach!
HP[+1] MP[-1]
Your hp is fully restored (24).
You lost 1 mp, and now have 3/6 mp.
You can't see any susceptible monsters within range! (Use Z to cast anyway.)
The sting hits the goblin.
The goblin is poisoned.
You kill the goblin!
MP[-1]
You lost 1 mp, and now have 2/6 mp.
The sting hits the endoplasm.
The endoplasm is poisoned.
An endoplasm comes into view.
A goblin comes into view. It is wielding a +0 dagger.
MP[-1]
You lost 1 mp, and now have 1/6 mp.
The sting hits the endoplasm but does no damage.
The endoplasm looks even sicker.
The endoplasm completely misses you.
MP[-1]
You lost 1 mp, and now have 0/6 mp.
You are out of magic!
You are out of magic!
You hit the endoplasm. The endoplasm completely misses you.
You hit the endoplasm.
You kill the endoplasm!
MP[+1]
You hit the endoplasm. You punch the endoplasm. The endoplasm freezes you.
You are frozen.
The goblin closely misses you.
HP[-1]
You take 1 damage, and now have 23/24 hp.
You barely miss the endoplasm. The goblin hits you with a +0 dagger.
The endoplasm freezes you.
You are frozen.
HP[-8]
You take 8 damage, and now have 15/24 hp.
MASSIVE DAMAGE!! (PAUSE)
You are too injured to fight recklessly!
You are too injured to fight recklessly!
You are too injured to fight recklessly!
You barely miss the endoplasm. The endoplasm hits you.
The goblin hits you with a +0 dagger.
* * * LOW HITPOINT WARNING * * *
The goblin closely misses you. The endoplasm freezes you.
You are frozen.
* * * LOW HITPOINT WARNING * * *
HP[-8]
You take 8 damage, and now have 7/24 hp.
MASSIVE DAMAGE!! (PAUSE)
You hit the endoplasm but do no damage. The goblin closely misses you.
The endoplasm freezes you.
You are frozen.
* * * LOW HITPOINT WARNING * * *
You completely miss the endoplasm. The goblin hits you with a +0 dagger.
* * * LOW HITPOINT WARNING * * *
The endoplasm barely misses you.
HP[-4]
You take 4 damage, and now have 3/24 hp.
You hit the endoplasm.
You kill the endoplasm!
The goblin hits you with a +0 dagger.
* * * LOW HITPOINT WARNING * * *
The goblin hits you with a +0 dagger.
You die...

Skill      XL: |  1  2 |
---------------+-------+-----
Poison Magic   | 5 |  5.4
Dodging        | |  1.7
Stealth        | |  2.4
Spellcasting   | |  2.1
Transmutations | |  1.1

Action                   || total
-------------------------++-------
Melee: Club              ||    13
       Punch             ||     1
 Cast: Sting             ||    43
Armor: Robe              ||     7
Dodge: Dodged            ||    27

Levels and vault maps discovered:
D:1:      dpeg_arrival_prison, layout_basic,
          shapermc_ecumenical_altar_notcrosses, palyth_stone_intersect

Notes
Turn   | Place    | Note
-------+----------+-------------------------------------------
     0 | D:1      | zeratav the Formicid Venom Mage began the quest for the
                  | Orb.
     0 | D:1      | Reached XP level 1. HP: 13/13 MP: 3/3
     0 | D:1      | magus.rc [v1.9.6]
   246 | D:1      | Reached XP level 2. HP: 15/19 MP: 0/5
   488 | D:1      | Reached skill level 5 in Poison Magic
   858 | D:1      | Found a faded altar of an unknown god.
   865 | D:1      | Reached XP level 3. HP: 22/24 MP: 2/6
   929 | D:1      | HP: 3/24 [goblin/+0 dagger (4)]
   930 | D:1      | HP: 1/24 [goblin/+0 dagger (2)]
   930 | D:1      | Slain by a goblin

Vanquished Creatures
  4 endoplasms (D:1)
  5 giant cockroaches (D:1)
  2 goblins (D:1)
  2 quokkas (D:1)
  2 ball pythons (D:1)
  2 bats (D:1)
  2 kobolds (D:1)
  4 rats (D:1)
23 creatures vanquished.

Table legend:
 A = Non-vault XP
 B = Vault XP
 C = Vault XP percentage of total XP
 D = Non-vault monster count
 E = Vault monster count
 F = Vault count percentage of total count
                 A         B        C        D         E       F
            +---------+---------+-------+---------+---------+-------
      Total |      31 |       6 |  16.2 |      19 |       4 |  17.4
            +---------+---------+-------+---------+---------+-------
        D:1 |      31 |       6 |  16.2 |      19 |       4 |  17.4
            +---------+---------+-------+---------+---------+-------

Illustrated notes

Table legend:
 A = Kills in this place as a percentage of kills in entire the game.
 B = Kills by you in this place as a percentage of kills by you in the entire game.
 C = Kills by friends in this place as a percentage of kills by friends in the entire game.
 D = Other kills in this place as a percentage of other kills in the entire game.
 E = Experience gained in this place as a percentage of experience gained in the entire game.
 F = Experience gained in this place divided by the number of levels of this place that you have seen.
                   A       B       C       D       E      F
               +-------+-------+-------+-------+-------+----------------------
         Total | 100.0 | 100.0 |   N/A |   N/A | 100.0 |  37.0
       Dungeon | 100.0 | 100.0 |   N/A |   N/A | 100.0 |  37.0
               +-------+-------+-------+-------+-------+----------------------

Table legend: (Time is in decaauts)
 A = Elapsed time spent in this place.
 B = Non-inter-level travel time spent in this place.
 C = Inter-level travel time spent in this place.
 D = Time resting spent in this place.
 E = Time spent auto-exploring this place.
 F = Levels seen in this place.
 G = Mean time per level.
                   A        B        C        D        E       F      G
               +--------+--------+--------+--------+--------+-----+--------+
         Total |    933 |    933 |      0 |      0 |    800 |   1 |  933.0 |
       Dungeon |    933 |    933 |      0 |      0 |    800 |   1 |  933.0 |
               +--------+--------+--------+--------+--------+-----+--------+

Top non-repeatable levels by time:
     D:1: 933 daAuts
